 Seeded DCSS version 0.30.0-5-g1a98f26d00 (webtiles) character file.

Game seed: 4 (custom seed)

60 Kazon the Chopper (level 4, -1/41 HPs)
             Began as a Hill Orc Monk on May 12, 2023.
             Slain by Robin
             ... wielding a +0 club
              (4 damage)
             ... on level 3 of the Dungeon.
             The game lasted 00:04:36 (820 turns).

Kazon the Chopper (Hill Orc Monk)                    Turns: 820, Time: 00:04:37

Health: -1/41      AC:  2    Str: 15    XL:     4   Next: 4%
Magic:  4/4        EV: 12    Int: 10    God:
Gold:   33         SH:  0    Dex: 13    Spells: 2/3 levels left

rFire   . . .        a - +0 hand axe
rCold   . . .        d - orb {light}
rNeg    . . .        b - +0 robe
rPois   .            (no helmet)
rElec   .            (no cloak)
rCorr   .            (no gloves)
SInv    .            (no boots)
Will    .....        (no amulet)
Stlth   +            (no ring)
HPRegen 0.26/turn    (no ring)
MPRegen 0.09/turn

%: no passive effects
@: glowing
A: no striking features
a: no special abilities


You were on level 3 of the Dungeon.
You visited 1 branch of the dungeon, and saw 3 of its levels.

You collected 33 gold pieces.

Inventory:

Hand Weapons
 a - a +0 hand axe (weapon)
Missiles
 e - 11 stones
Armour
 b - a +0 robe (worn)
 d - an orb of light (worn)
Scrolls
 g - 2 scrolls of identify {unknown}
 h - a scroll of teleportation {unknown}
Potions
 c - a potion of ambrosia
 f - a potion of curing {unknown}
 i - a potion of invisibility {unknown}


   Skills:
 + Level 4.3 Fighting
 + Level 5.2 Axes
 + Level 2.8 Dodging
 + Level 0.1 Conjurations


You had 2 spell levels left.
You knew the following spells:

 Your Spells              Type           Power      Damage    Failure   Level
a - Magic Dart            Conj           0%         1d3       36%         1

Your spell library contained the following spells:

 Spells                   Type           Power      Damage    Failure   Level
 Call Imp                 Summ           0%         N/A       50%         2
 Cigotuvi's Dreadful Rot  Necr/Pois/Air  0%         N/A       50%         2
 Ignite Poison            Fire/Tmut/Pois 0%         N/A       75%         3
 Mephitic Cloud           Conj/Pois/Air  0%         N/A       75%         3
 Freezing Cloud           Conj/Ice/Air   0%         6-21      100%        5


Dungeon Overview and Level Annotations

Branches:
Dungeon (3/15)

Altars:

Shops:
D:1 (([!

Annotations:
D:2 Sigmund
D:3 Robin


Message History

You hit the goblin. x2; You barely miss the goblin.
The goblin no longer looks unusually strong.
The goblin barely misses you. x2
Robin roars a battlecry!
The goblin goes into a battle-frenzy!
The goblin barely misses you. The goblin hits you with a +0 dagger.
* * * LOW HITPOINT WARNING * * *
You slash the goblin!
You kill the goblin!
You hit the goblin.
You kill the goblin!
You hit the goblin. x2
You kill the goblin!
Robin throws the goblin at you! The goblin hits you with a +0 dagger.
* * * LOW HITPOINT WARNING * * *
The goblin misses you.
You have reached level 4!
You barely miss the goblin. You completely miss the ball python.
You hit the goblin. The ball python bites you.
* * * LOW HITPOINT WARNING * * *
The ball python grabs you. The ball python constricts you.
The goblin barely misses you. The goblin closely misses you.
The ball python bites you but does no damage.
The ball python constricts you.
You hit the ball python.
The ball python is severely wounded.
You hit the goblin.
You kill the goblin!
You hit the goblin. The goblin misses you. The ball python barely misses you.
The ball python constricts you.
Unknown command.
You hit the ball python.
You kill the ball python!
You hit the goblin. The goblin closely misses you.
You hit Robin.
Robin is lightly wounded.
You hit the goblin.
You kill the goblin!
Robin hits you with a +0 club.
You die...

#....#.....
######.... .....
..........#....
.........#....
............#
............#
............####
......)))......#
###+###@##'#...#
#g##.#...#
...#.#...#+#
....+........
.....#.#......
.....##.####...
..###.##.# ##
.#. #.##.####
#<....♣


You could see Robin.

Vanquished Creatures
  An adder (D:1)
  2 dart slugs (D:1)
  5 endoplasms
  3 giant cockroaches (D:1)
  15 goblins
  4 kobolds (D:1)
  3 quokkas (D:1)
  4 ball pythons
  2 bats (D:1)
  4 rats (D:1)
43 creatures vanquished.

Notes
Turn   | Place    | Note
-------+----------+-------------------------------------------
     0 | D:1      | Kazon the Hill Orc Monk began the quest for the Orb.
     0 | D:1      | Reached XP level 1. HP: 19/19 MP: 1/1
    21 | D:1      | Found Cyacs's Weapon Emporium.
    46 | D:1      | Found Sosuihit's Armour Shoppe.
    78 | D:1      | Reached XP level 2. HP: 14/27 MP: 2/2
   142 | D:1      | Found Yjadgh's Distillery.
   324 | D:1      | Learned a level 1 spell: Magic Dart
   329 | D:1      | Reached XP level 3. HP: 33/33 MP: 3/3
   609 | D:1      | Found Jiuv Boq's Antique Weapon Shoppe.
   634 | D:1      | Reached skill level 5 in Axes
   751 | D:2      | Noticed Sigmund
   804 | D:3      | Noticed Robin
   817 | D:3      | Reached XP level 4. HP: 3/41 MP: 4/4
   820 | D:3      | Slain by Robin

Illustrated notes

Levels and vault maps discovered:
D:1:      roderic_crossed_star, layout_loops_ring, serial_shops, shop,
          nicolae_shop_tiny_statue_garden, nicolae_shop_tiny_glass, shop
D:2:      cheibrodos_helix_gallery, layout_rooms,
          hellmonk_ecumenical_altar_watching_god, uniq_sigmund
D:3:      layout_basic, nicolae_gozag_seed_capital, nrook_mini_backslash,
          st_stairs_4, serial_bayou_lagoon_b, uniq_robin

Skill      XL: |  1  2  3 |
---------------+----------+-----
Fighting       | 4 |  4.3
Axes           | 5 |  5.2
Dodging        | |  2.8
Conjurations   | |  0.1

Action                     |  1- 3 |  4- 6 || total
---------------------------+-------+-------++-------
  Melee: Hand axe          |    79 |     4 ||    83
  Throw: Stone             |     3 |       ||     3
   Cast: Magic Dart        |     3 |       ||     3
 Armour: Robe              |    12 |     1 ||    13
  Dodge: Dodged            |    57 |     5 ||    62
